 Dungeon Crawl Stone Soup version 0.28-a0-689-ga55568f2eb (webtiles) character file.

Game seed: 12057175602023442335

12 frompes the Sneak (level 2, -3/13 HPs)
             Began as a Spriggan Enchanter on Oct 20, 2021.
             Killed by nerve-wracking pain
             ... invoked by Jessica
              (8 damage)
             ... on level 2 of the Dungeon.
             The game lasted 00:02:17 (651 turns).

frompes the Sneak (Spriggan Enchanter)               Turns: 651, Time: 00:02:17

Health: -3/13      AC:  3    Str:  4    XL:     2   Next: 20%
Magic:  5/7        EV: 17    Int: 16    God:
Gold:   0          SH:  0    Dex: 15    Spells: 5/7 levels left

rFire   . . .      SeeInvis +   a - +1 dagger
rCold   . . .      Faith    .   (shield restricted)
rNeg    . . .      Spirit   .   b - +1 robe
rPois   .          Reflect  .   (helmet restricted)
rElec   .          Harm     .   (no cloak)
rCorr   .          Rampage  .   (gloves unavailable)
Will    .....                   (boots unavailable)
Stlth   +++.......              (no amulet)
HPRegen 0.04/turn               (no ring)
MPRegen 0.10/turn               (no ring)

@: very quick
A: very small, no large weapons, unfitting armour, see invisible, speed 3
a: no special abilities


You were on level 2 of the Dungeon.
You visited 1 branch of the dungeon, and saw 2 of its levels.

Inventory:

Hand Weapons
 a - a +1 dagger (weapon)
 c - a +0 rapier
Armour
 b - a +1 robe (worn)
Potions
 e - a potion of brilliance


   Skills:
 - Level 1.1 Short Blades
 - Level 2.6 Dodging
 - Level 4.4 Stealth
 + Level 3.2 Spellcasting
 + Level 4.1 Hexes


You had 5 spell levels left.
You knew the following spells:

 Your Spells              Type           Power      Damage    Failure   Level
a - Ensorcelled Hibernat  Hex/Ice        18%        N/A       12%         2

Your spell library contained the following spells:

 Spells                   Type           Power      Damage    Failure   Level
 Confusing Touch          Hex            15%        N/A       10%         3
 Tukima's Dance           Hex            15%        N/A       10%         3
 Dazzling Flash           Conj/Hex       18%        N/A       24%         3


Dungeon Overview and Level Annotations

Branches:
Dungeon (2/15)

Altars:

Annotations:
D:2 Jessica


Innate Abilities, Weirdness & Mutations

You are very small and have problems with some larger weapons.
You are too small for most types of armour.
You have supernaturally acute eyesight. (SInv)
You cover ground extremely quickly. (Speed+++)


Message History

Casting: Ensorcelled Hibernation (safe; 12% risk of failure)
Confirm with . or Enter, or press ? or * to list all spells.
Aiming: Ensorcelled Hibernation (safe; 12% risk of failure)
Press: ? - help, Shift-Dir - straight line, f/p - Jessica
Aim: Jessica, wielding a +0 club and wearing a +0 robe (chance to affect: 50%) Jessica resists with some effort.
The hobgoblin completely misses you. Jessica barely misses you.
Unknown command.
Casting: Ensorcelled Hibernation (safe; 12% risk of failure)
Confirm with . or Enter, or press ? or * to list all spells.
You don't have enough magic to cast this spell.
Unknown command.
You aren't carrying any scrolls.
Unknown command.
Unknown command.
Okay, then.
Unknown command.
Unknown command.
Jessica casts a spell.
Jessica seems to speed up.
Unknown command.
Unknown command.
Your magical contamination has completely faded away.
Jessica very coldly says, "I hate your company."
Jessica shouts, "You're disturbing me!
I'll have to kill you!"
Jessica casts a spell.
Jessica blinks!
Jessica casts a spell.
Jessica blinks!
Found 16 bolts.
Jessica mumbles some strange words.
Jessica blinks!
Jessica mumbles something strange.
You open the door.
There is an open door here.
You close the door.
Jessica casts a spell at you. Pain shoots through your body!
Ouch! That really hurt!
You die...

######## #......# #......#
###......##############
#.....@............>...
####+#@.....##############
#.....######## #(.....
#.....##.....# #......
#.....##.###.# #......
#.....##.# #.# #......
#####.###.###.#######......
#...........@..............
#.###.........#######......


You could see Jessica (fast).

Vanquished Creatures
  2 endoplasms (D:2)
  2 hobgoblins
  2 kobolds (D:1)
  2 ball pythons (D:2)
  2 frilled lizards
  2 rats
12 creatures vanquished.

Notes
Turn   | Place    | Note
-------+----------+-------------------------------------------
     0 | D:1      | frompes the Spriggan Enchanter began the quest for the Orb.
     0 | D:1      | Reached XP level 1. HP: 9/9 MP: 5/5
   506 | D:2      | Reached XP level 2. HP: 13/13 MP: 7/7
   509 | D:2      | Learned a level 2 spell: Ensorcelled Hibernation
   577 | D:2      | Noticed Jessica
   651 | D:2      | Killed from afar by Jessica

Illustrated notes

Levels and vault maps discovered:
D:1:      kennysheep_arrival_forest, layout_loops_cross
D:2:      layout_basic, st_stairs_9, lemuel_old_faithful, uniq_jessica

Skill      XL: |  1 |
---------------+----+-----
Spellcasting   | 3 |  3.2
Hexes          | 4 |  4.1
Short Blades   | |  1.1
Dodging        | |  2.6
Stealth        | |  4.4

Action                   || total
-------------------------++-------
Melee: Dagger            ||    23
 Cast: Ensorcelled Hiber ||     4
  Use: Scroll            ||     2
       Potion            ||     2
 Stab: Sleeping          ||     7
       Invisible         ||     1
Armor: Robe              ||     7
Dodge: Dodged            ||    23

Table legend: (Time is in decaauts)
 A = Elapsed time spent in this place.
 B = Non-inter-level travel time spent in this place.
 C = Inter-level travel time spent in this place.
 D = Time resting spent in this place.
 E = Time spent auto-exploring this place.
 F = Levels seen in this place.
 G = Mean time per level.
                   A        B        C        D        E       F      G
               +--------+--------+--------+--------+--------+-----+--------+
         Total |    516 |    516 |      0 |    211 |    138 |   2 |  258.0 |
       Dungeon |    516 |    516 |      0 |    211 |    138 |   2 |  258.0 |
               +--------+--------+--------+--------+--------+-----+--------+

Top non-repeatable levels by time:
     D:2: 392 daAuts
     D:1: 123 daAuts
